 Dungeon Sprint DCSS version 0.17-a0-2002-g92c7e20 (webtiles) character file.

31 Kidiri the Sneak (level 3, -2/16 HPs)
             Began as a Spriggan Enchanter on Oct 8, 2015.
             Slain by a human (8 damage)
             ... in the Dungeon (Sprint III: "The Ten Rune Challenge").
             The game lasted 00:00:56 (191 turns).

Kidiri the Sneak (Spriggan Enchanter)                Turns: 191, Time: 00:00:56

Health: -2/16      AC:  3    Str:  4    XL:     3   Next: 7%
Magic:  2/9        EV: 20    Int: 16    God:
Gold:   0          SH:  0    Dex: 17    Spells: 4 memorised, 1 level left

rFire  . . .     SeeInvis +     a - +1 dagger
rCold  . . .     Clarity  .     b - +1 robe
rNeg   . . .     SustAt   .     (shield restricted)
rPois  .         Gourm    .     (helmet restricted)
rElec  .         Spirit   .     (no cloak)
rCorr  .         Warding  .     (gloves unavailable)
rMut   .         NoTele   +     (boots unavailable)
MR     .....                    (no amulet)
Stlth  ++++......               (no ring)
                                (no ring)

@: very quick, not resistant to hostile enchantments, stealthy
A: unfitting armour, see invisible, herbivore 3, speed 3, slow metabolism 2
a: no special abilities


You were in the Dungeon.
You were not hungry.

You visited 1 branch

Inventory:

Hand Weapons
 a - a +1 dagger (weapon)
 k - a +0 dagger
Armour
 b - a +1 robe (worn)
 l - a +0 robe
Scrolls
 j - a scroll of blinking
Potions
 e - a potion of curing
 f - a potion of heal wounds
 g - a potion of haste
 h - 2 potions of magic
 i - a potion of berserk rage
Books
 c - a book of Maledictions

   Spells                             Type                      Level
   a - Corona                         Hexes                        1
   b - Ensorcelled Hibernation        Hexes/Ice                    2
   c - Confuse                        Hexes                        3
   d - Tukima's Dance                 Hexes                        3
   e - Dazzling Spray                 Conjuration/Hexes            3
Comestibles
 d - a bread ration


   Skills:
 * Level 2.8 Short Blades
 + Level 1.0 Armour
 * Level 4.9 Dodging
 * Level 6.3 Stealth
 * Level 4.2 Spellcasting
 + Level 0.0 Conjurations
 + Level 4.3 Hexes
 + Level 0.0 Ice Magic


You had one spell level left.
You knew the following spells:

 Your Spells              Type           Power        Failure   Level  Hunger
a - Corona                Hex            ###....      3%          1    None
b - Ensorcelled Hibernat  Hex/Ice        ##....       12%         2    ##.....
c - Confuse               Hex            ###.....     12%         3    ###....
e - Dazzling Spray        Conj/Hex       ##......     21%         3    ###....


Dungeon Overview and Level Annotations

Branches:
Dungeon (1/1)

Altars:


Innate Abilities, Weirdness & Mutations

You are tiny and cannot use many weapons and most armour.
You have supernaturally acute eyesight.
You are a herbivore.
You cover ground extremely quickly.
You need consume almost no food.


Message History

The human closely misses you.
You hit the human but do no damage.
The human is almost dead.
The human stops glowing.
The human completely misses you.
You closely miss the human.
The human is almost dead.
Casting: Corona
Confirm with . or Enter, or press ? or * to list all spells.
Aiming: Corona
Press: ? - help, Shift-Dir - straight line, f/p - human
Aim: a human (almost dead, chance to defeat MR: 54%)
The human is outlined in light.
The human misses you.
You hit the human but do no damage.
The human is almost dead.
The human closely misses you.
You hit the human.
The human is almost dead.
The human hits you!
Ouch! That really hurt!
You die...

▓▓▓▓▓▓▓▓▓
▓<..#(..####
▓...#......##
▓..##.......#
▓##.##.##...# .#
##.##.###..# ..#
▓#.####.##..# ...+
▓.###..##.@##
#p..# ▓#.....##.p#
#h...#
###..##...##.....#
##..##....#......#
#..###..##.# #[.#
#..#### ▓▓▓▓ ▓▓▓▓


You could see a human.

Vanquished Creatures
  Jessica (D)
  An ooze (D)
  A rat (D)
3 creatures vanquished.

Notes
Turn   | Place    | Note
--------------------------------------------------------------
     0 | D        | Kidiri the Spriggan Enchanter began the quest for the Orb.
     0 | D        | Reached XP level 1. HP: 9/9 MP: 5/5
    14 | D        | Reached skill level 5 in Stealth
   120 | D        | Noticed Jessica
   124 | D        | Killed Jessica
   124 | D        | Reached skill level 1 in Armour
   124 | D        | Reached skill level 6 in Stealth
   124 | D        | Reached XP level 2. HP: 13/13 MP: 6/8
   124 | D        | Reached XP level 3. HP: 16/16 MP: 6/9
   128 | D        | Learned a level 2 spell: Ensorcelled Hibernation
   132 | D        | Learned a level 3 spell: Confuse
   136 | D        | Learned a level 3 spell: Dazzling Spray
   161 | D        | Noticed a wolf
   191 | D        | Slain by a human

Vault maps used:
D:        dungeon_sprint_mu

Action                   || total
-------------------------++-------
Melee: Dagger            ||    21
 Cast: Ensorcelled Hiber ||     3
       Corona            ||     3
 Stab: Sleeping          ||     3
